 Dungeon Crawl Stone Soup version 0.23.2-40-g277498a (webtiles) character file.

Game seed: 165658199929187738

100 Fang the Skirmisher (level 4, -12/43 HPs)
             Began as a Gargoyle Berserker on Sept 3, 2019.
             Was a Believer of Trog.
             Mangled by an ogre
             ... wielding a +0 giant spiked club
              (25 damage)
             ... on level 3 of the Dungeon.
             The game lasted 00:02:59 (2316 turns).

Fang the Skirmisher (Gargoyle Berserker)            Turns: 2316, Time: 00:02:59

Health: -12/43     AC:  5    Str: 27    XL:     4   Next: 74%
Magic:  4/4        EV: 12    Int:  7    God:    Trog [**....]
Gold:   153        SH:  0    Dex:  9    Spells: 3/3 levels left

rFire    + . .     SeeInvis .   a - +0 hand axe
rCold    + . .     Gourm    .   (no shield)
rNeg     + . .     Faith    .   b - +0 animal skin
rPois    ∞         Spirit   .   (no helmet)
rElec    +         Reflect  .   j - scarf {rC+ rF+}
rCorr    .         Harm     .   (no gloves)
MR       .....                  (no boots)
Stlth    ..........             (no amulet)
HPRegen  0.14/turn              (no ring)
MPRegen  0.09/turn              (no ring)

@: berserking, very quick
A: negative energy resistance 1, electricity resistance, unbreathing,
petrification resistance, rot immunity, AC +3
a: Berserk, Trog's Hand, Renounce Religion


You were on level 3 of the Dungeon.
You worshipped Trog.
Trog was pleased with you.
You were very hungry.

You visited 1 branch of the dungeon, and saw 3 of its levels.

You collected 153 gold pieces.

Inventory:

Hand Weapons
 a - a +0 hand axe (weapon)
Armour
 b - a +0 animal skin (worn)
 j - a scarf of resistance (worn)
Jewellery
 k - a cursed ring of attention {unknown}
Wands
 m - a wand of paralysis (7)
Scrolls
 d - a scroll of remove curse {unknown}
 e - a scroll of teleportation {unknown}
 g - a scroll of identify {unknown}
 h - a scroll of immolation {unknown}
 i - a scroll of magic mapping {unknown}
Potions
 f - a potion of ambrosia {unknown}
 l - 2 potions of brilliance {unknown}
Comestibles
 c - 5 rations
 n - 2 chunks of flesh


   Skills:
 + Level 4.1 Fighting
 + Level 3.3 Axes
 + Level 3.2 Armour
 + Level 2.3 Dodging


You had 3 spell levels left.
You didn't know any spells.
Your spell library was empty.

Dungeon Overview and Level Annotations

Branches:
Dungeon (3/15)

Altars:
Zin


Innate Abilities, Weirdness & Mutations

You are resistant to torment.
Your stone body is resilient. (AC +3)
You are immune to poison.
You resist negative energy. (rN+)
You are resistant to electric shocks. (rElec)
You can survive without breathing.
You are immune to petrification.
You are immune to rotting.


Message History

You are too injured to fight recklessly!
You are too injured to fight recklessly!
You are too injured to fight recklessly!
You are too injured to fight recklessly!
You are too injured to fight recklessly!
You are too injured to fight recklessly!
You are too injured to fight recklessly!
You are too injured to fight recklessly!
A red film seems to cover your vision as you go berserk!
You feel yourself moving faster!
You feel mighty!
You are feeling very hungry.
The ogre barely misses you.
You slash the ogre!
The ogre is heavily wounded.
You slash the ogre!
The ogre is severely wounded.
You barely miss the worm.
The ogre hits you with a +0 giant spiked club!!
Ouch! That really hurt!
You die...

♣.♣♣
♣♣[
♣♣.♣ ♣
♣.♣♣
♣♣.♣
♣.♣♣
♣♣.♣
♣.♣♣ ♣♣
♣♣.♣♣.♣
♣♣.@O♣
♣♣♣w..♣
...(♣
..$.♣
....♣
♣[.♣♣
♣♣♣


You could see an ogre and a worm.

Vanquished Creatures
  Ijyb (D:3)
  2 adders (D:2)
  An ooze (D:1)
  5 worms
  A leopard gecko (D:2)
  A ball python (D:2)
  3 giant cockroaches
  4 goblins
  5 hobgoblins
  A quokka (D:2)
  6 bats
  3 frilled lizards
  A kobold (D:3)
  6 rats
40 creatures vanquished.

Notes
Turn   | Place    | Note
-------+----------+-------------------------------------------
     0 | D:1      | Fang the Gargoyle Berserker began the quest for the Orb.
     0 | D:1      | Reached XP level 1. HP: 14/14 MP: 1/1
   286 | D:1      | Reached XP level 2. HP: 14/19 MP: 2/2
   593 | D:2      | Reached XP level 3. HP: 14/23 MP: 3/3
   875 | D:2      | Reached ** piety under Trog
  1315 | D:2      | Reached XP level 4. HP: 26/29 MP: 4/4
  1602 | D:2      | Found a glowing silver altar of Zin.
  2018 | D:3      | Noticed Ijyb
  2027 | D:3      | Paralysed by Ijyb for 5 turns
  2036 | D:3      | Killed Ijyb
  2036 | D:3      | Reached skill level 4 in Fighting
  2311 | D:3      | Noticed an ogre
  2316 | D:3      | Mangled by an ogre

Skill      XL: |  1  2  3  4 |
---------------+-------------+-----
Axes           | 3 |  3.3
Dodging        | 2 |  2.3
Armour         | 3 |  3.2
Fighting       | 4 |  4.1

Action                   |  1- 3 |  4- 6 || total
-------------------------+-------+-------++-------
Melee: Hand axe          |    97 |    60 ||   157
Invok: Berserk           |     1 |     3 ||     4
 Stab: Sleeping          |       |     1 ||     1
  Eat: Chunk             |     2 |     5 ||     7
Armor: Animal skin       |    29 |    15 ||    44
Dodge: Dodged            |    58 |    36 ||    94
